 Dungeon Crawl Stone Soup version 0.20-a0-705-gbe8799e (webtiles) character file.

185 Kiturien the Gusty (level 5, 0/28 HPs)
             Began as a Tengu Air Elementalist on Feb 21, 2017.
             Slain by an orc priest (3 damage)
             ... on level 3 of the Dungeon.
             The game lasted 00:11:22 (2316 turns).

Kiturien the Gusty (Tengu Air Elementalist)         Turns: 2316, Time: 00:11:23

Health: 0/28       AC:  3    Str:  9    XL:     5   Next: 64%
Magic:  8/21       EV: 13    Int: 15    God:
Gold:   55         SH:  0    Dex: 15    Spells: 6/12 levels left

rFire    . . .     SeeInvis .   j - +2 dagger (drain)
rCold    . . .     Gourm    .   a - +0 robe
rNeg     . . .     Faith    .   (no shield)
rPois    .         Spirit   .   (helmet restricted)
rElec    .         Reflect  .   r - +0 cloak
rCorr    .         Harm     .   (no gloves)
MR       .....                  (boots unavailable)
Stlth    ++........             (no amulet)
Regen    0.1/turn               (no ring)
MPRegen  0.2/turn               t - ring of magical power

@: very slightly contaminated
A: beak, talons 3, able to fly 1
a: Fly


You were on level 3 of the Dungeon.
You were hungry.

You visited 1 branch of the dungeon, and saw 3 of its levels.

You collected 55 gold pieces.

Inventory:

Hand Weapons
 j - a +2 dagger of draining (weapon)
 m - a +0 arbalest
Armour
 a - a +0 robe (worn)
 r - a +0 cloak (worn)
Jewellery
 t - a ring of magical power (left hand)
Scrolls
 e - 2 scrolls of teleportation {unknown}
 f - 2 scrolls of remove curse {unknown}
 l - a scroll of enchant weapon {unknown}
 n - a scroll of amnesia {unknown}
 p - a scroll of identify {unknown}
 u - a scroll of magic mapping {unknown}
 v - a scroll of immolation {unknown}
Potions
 d - a potion of might {unknown}
 h - 2 potions of curing {unknown}
 i - a potion of heal wounds {unknown}
 o - 2 potions of degeneration {unknown}
 q - 3 potions of agility {unknown}
Books
 b - a book of Air

   Spells                             Type                      Level
   a - Shock                          Conjuration/Air              1
   b - Swiftness                      Charms/Air                   2
   c - Static Discharge               Conjuration/Air              3
   d - Airstrike                      Air                          4
   e - Lightning Bolt                 Conjuration/Air              5
Comestibles
 c - a bread ration
 g - a royal jelly
 k - 2 meat rations
 s - 2 chunks of flesh


   Skills:
 - Level 2.5 Dodging
 - Level 2.3 Stealth
 + Level 4.2 Spellcasting
 - Level 1.7 Conjurations
 - Level 5.3 Air Magic


You had 6 spell levels left.
You knew the following spells:

 Your Spells              Type           Power        Failure   Level  Hunger
a - Shock                 Conj/Air       ##..         4%          1    None
b - Swiftness             Chrm/Air       ##......     12%         2    ##.....
c - Static Discharge      Conj/Air       ##......     14%         3    ###....


Dungeon Overview and Level Annotations

Branches:
Dungeon (3/15)

Altars:
Cheibriados
Hepliaklqana


Innate Abilities, Weirdness & Mutations

You have a beak for a mouth.
You have claws for feet.
You can fly.


Message History

The orc shouts!
The orc moves out of view.
The orc priest mumbles some strange prayers to Beogh against you.
Pain shoots through your body!
* * * LOW HITPOINT WARNING * * *
Unknown command.
Casting: Shock
Confirm with . or Enter, or press ? or * to list all spells.
Aiming: Shock
Press: ? - help, Shift-Dir - straight line, f - orc priest
Aim: an orc priest, wearing a leather armour (heavily wounded)
The zap hits the orc priest.
The orc priest appears unharmed.
The orc priest is heavily wounded.
You barely miss the orc priest.
The orc priest is heavily wounded.
You hit the orc priest. Your kick misses the orc priest.
The orc priest is severely wounded.
The orc priest barely misses you. The orc barely misses you.
The orc priest hits you.
You die...

##...#.#######.#...... ..
..?.........).)......
.)##...........#.#......
..†#.............#......
...o)..?....^..###......
. .....o.........# ####.#
.. #...o.......# #
.###..o........#######..
.......@.......##.......
###..##..##.##).#...8...
##..##.###.###.#..8.8..
#......# #....>..8._.8.
#..#.#####........8.8..
###....## #..........8...
#.......# #..............
.
#...###.###............##
$########.###
#..##.........#.###


You could see an orc priest and 3 orcs.

Vanquished Creatures
  Natasha (thrice) (D:3)
  A gnoll (D:1)
  2 adders
  A shadow imp (D:3)
  3 dart slugs
  2 leopard geckos (D:1)
  3 orcs (D:3)
  8 bats
  3 bat zombies (D:2)
  7 giant cockroaches
  5 goblins
  6 hobgoblins
  2 jackals (D:3)
  A quokka (D:2)
  5 frilled lizards
  A giant cockroach zombie (D:2)
  A jackal skeleton (D:2)
  3 kobolds
  A quokka zombie (D:2)
  7 rats
65 creatures vanquished.

Notes
Turn   | Place    | Note
-------+----------+-------------------------------------------
     0 | D:1      | Kiturien the Tengu Air Elementalist began the quest for the Orb.
     0 | D:1      | Reached XP level 1. HP: 10/10 MP: 4/4
    93 | D:1      | Reached XP level 2. HP: 15/15 MP: 0/6
   486 | D:1      | Reached XP level 3. HP: 18/19 MP: 5/7
   635 | D:1      | Reached skill level 5 in Air Magic
   912 | D:2      | Found a snail-covered altar of Cheibriados.
  1239 | D:2      | Learned a level 2 spell: Swiftness
  1243 | D:2      | Learned a level 3 spell: Static Discharge
  1280 | D:2      | Found a hazy altar of Hepliaklqana.
  1344 | D:2      | Reached XP level 4. HP: 24/24 MP: 2/9
  1851 | D:3      | Found a faded altar of an unknown god.
  1928 | D:3      | Noticed Natasha
  1936 | D:3      | Killed Natasha
  1936 | D:3      | Gained mutation: You can fly. [Tengu growth]
  1936 | D:3      | Reached XP level 5. HP: 22/28 MP: 7/11
  1955 | D:3      | Noticed Natasha
  1965 | D:3      | Killed Natasha
  2288 | D:3      | Noticed Natasha
  2292 | D:3      | Killed Natasha
  2316 | D:3      | Slain by an orc priest

Vault maps used:
D:1:      wheals_arrival_shading
D:2:      wad_pebble_path, old_standard_altar, overflow_temple_1_default,
          serial_undead, serial_undead_e, serial_undead_e, serial_undead_b,
          serial_undead_d, nrook_mini_backslash
D:3:      marbit_many_paths, chequers_ecumenical_altar_simple_redux,
          uniq_natasha

Skill      XL: |  1  2  3  4  5 |
---------------+----------------+-----
Air Magic      | 5 |  5.3
Spellcasting   | 3 4 |  4.2
Dodging        | |  2.5
Stealth        | |  2.3
Conjurations   | |  1.7

Action                   |  1- 3 |  4- 6 || total
-------------------------+-------+-------++-------
Melee: Dagger            |     7 |    15 ||    22
       Kick              |     3 |     2 ||     5
       Peck              |     1 |     3 ||     4
 Cast: Shock             |    75 |    63 ||   138
  Eat: Chunk             |     2 |     3 ||     5
Armor: Robe              |     2 |       ||     2
Dodge: Dodged            |    29 |    13 ||    42
